 Dungeon Crawl Stone Soup version 0.31-a0-986-g5e6e4ef867 (webtiles) character file.

Game seed: 15635604538108573346

219046 hito the Marksant (level 19, -6/149 HPs)
             Began as a Formicid Hunter on Nov 23, 2023.
             Was a High Priest of Uskayaw.
             Mangled by a merfolk impaler
             ... wielding a +0 demon trident of electrocution
              (21 damage)
             ... on level 4 of the Shoals.
             The game lasted 01:43:28 (34508 turns).

hito the Marksant (Formicid Hunter)                Turns: 34508, Time: 01:43:32

Health: -6/149     AC: 27    Str: 20    XL:     19   Next: 88%
Magic:  30/30      EV: 14    Int: 10    God:    Uskayaw [*****.]
Gold:   2133       SH: 17    Dex: 23    Spells: 18/18 levels left

rFire   + . .        a - +2 triple crossbow (heavy)
rCold   + + .        o - +2 kite shield {reflect}
rNeg    . . .        F - +8 scale mail "Cigu" {Harm +Inv rPois SInv}
rPois   +            (helmet unavailable)
rElec   .            x - +2 cloak
rCorr   .            j - +2 pair of gloves
SInv    +            W - +0 pair of boots
Will    +....        g - amulet of regeneration
Stlth   +            c - ring of flight
HPRegen 1.24/turn    Z - ring of Liberty {Wiz rF+ rC++ Str+3}
MPRegen 0.22/turn

%: harm (+30% outgoing, +20% incoming), reflection, wizardry (x1)
@: flying
A: permanent stasis, dig shafts and tunnels, antennae 3, four strong arms
}: 1/15 runes: serpentine
a: Dig, Shaft Self, Renounce Religion, Evoke Invisibility, Stomp, Line Pass,
Grand Finale


You were on level 4 of the Shoals.
You worshipped Uskayaw.
Uskayaw was pleased with you.
You visited 6 branches of the dungeon, and saw 31 of its levels.

You collected 5714 gold pieces.
You spent 3581 gold pieces at shops.

Inventory:

Hand Weapons
 a - a +2 heavy triple crossbow (weapon)
 b - a +5 arbalest of electrocution
 h - the +10 orcbow of the Bequeathed God {drain, rElec rF+ Will- Int+3}
   (You bought it in a shop on level 10 of the Dungeon)

   Int+3:     It affects your intelligence (+3).
   rF+:       It protects you from fire.
   rElec:     It insulates you from electricity.
   Will-:     It decreases your willpower.
 H - a +4 flail of protection
Missiles
 m - a throwing net
 y - 13 curare-tipped darts
Armour
 j - a +2 pair of gloves (worn)
 o - a +2 kite shield of reflection (worn)
 x - a +2 cloak (worn)
 F - the +8 scale mail "Cigu" (worn) {Harm +Inv rPois SInv}
   (You found it on level 7 of the Dungeon)

   rPois:     It protects you from poison SInv: It lets you see invisible.
   +Inv:      It lets you turn invisible.
   Harm:      It increases damage dealt and taken.
 W - a +0 pair of boots (worn)
Jewellery
 c - a ring of flight (left hand)
 g - an amulet of regeneration (around neck)
 n - a ring of positive energy
 B - a ring of resist corrosion
 N - a +5 ring of evasion
 Z - the ring of Liberty (right hand) {Wiz rF+ rC++ Str+3}
   (You acquired it on level 1 of the Shoals)

   [ring of wizardry]

   Wiz:       It improves your spell success rate.
   Str+3:     It affects your strength (+3).
   rF+:       It protects you from fire.
   rC++:      It greatly protects you from cold.
Wands
 i - a wand of iceblast (31)
 s - a wand of polymorph (26)
 A - a wand of mindburst (28)
 C - a wand of digging (12)
 I - a wand of acid (25)
 J - a wand of flame (47)
 X - a wand of charming (21)
Scrolls
 e - a scroll of silence
 k - a scroll of butterflies
 t - 3 scrolls of revelation
 w - 5 scrolls of vulnerability
 z - a scroll of summoning
 D - 9 scrolls of fear
 O - 2 scrolls of poison
 Q - 3 scrolls of fog
 T - a scroll of enchant armour
Potions
 d - 2 potions of enlightenment
 f - 3 potions of mutation
 l - 6 potions of brilliance
 p - 12 potions of curing
 q - 3 potions of might
 r - 3 potions of lignification
 u - 3 potions of attraction
 E - 6 potions of heal wounds
 L - 4 potions of ambrosia
 M - a potion of cancellation
 P - a potion of invisibility
 V - a potion of magic
 Y - 2 potions of resistance
Miscellaneous
 v - a lightning rod (4/4)
 G - a box of beasts
 R - a tin of tremorstones (2/2)
 S - a phantom mirror


   Skills:
 + Level 13.2 Fighting
 + Level 20.5 Ranged Weapons
 - Level 15.0 Armour
 - Level 7.0 Dodging
 - Level 1.2 Stealth
 - Level 16.0 Shields
 - Level 15.0 Invocations
 - Level 11.0 Evocations


You had 18 spell levels left.
You didn't know any spells.
Your spell library contained the following spells:

 Spells                   Type           Power      Damage    Failure   Level
 Apportation              Tloc           0%         N/A       43%         1
 Magic Dart               Conj           0%         1d3       43%         1
 Sandblast                Erth           0%         2d4       43%         1
 Call Imp                 Summ           0%         N/A       56%         2
 Cigotuvi's Dreadful Rot  Necr/Pois/Air  0%         N/A       56%         2
 Jinxbite                 Hex            0%         N/A       56%         2
 Lesser Beckoning         Tloc           0%         N/A       56%         2
 Momentum Strike          Conj/Tloc      0%         3d8       56%         2
 Passwall                 Tmut/Erth      0%         N/A       56%         2
 Scorch                   Fire           0%         2d5       56%         2
 Wereblood                Tmut           0%         N/A       56%         2
 Dazzling Flash           Conj/Hex       0%         N/A       78%         3
 Ignite Poison            Fire/Tmut/Pois 0%         N/A       78%         3
 Inner Flame              Hex/Fire       0%         N/A       78%         3
 Mephitic Cloud           Conj/Pois/Air  0%         N/A       78%         3
 Stone Arrow              Conj/Erth      0%         3d7       78%         3
 Volatile Blastmotes      Fire/Tloc      0%         2d10      78%         3
 Animate Armour           Summ/Erth      0%         N/A       99%         4
 Animate Dead             Necr           0%         N/A       99%         4
 Brom's Barrelling Bould  Conj/Erth      0%         2d3       99%         4
 Flame Wave               Conj/Fire      0%         2d4       99%         4
 Fulminant Prism          Conj/Hex       0%         3d5       99%         4
 Iskenderun's Mystic Bla  Conj/Tloc      0%         2d3       99%         4
 Agony                    Necr           0%         N/A       100%        5
 Alistair's Intoxication  Tmut/Pois      0%         N/A       100%        5
 Arcjolt                  Conj/Air       0%         1d10      100%        5
 Borgnjor's Vile Clutch   Necr/Erth      0%         N/A       100%        5
 Freezing Cloud           Conj/Ice/Air   0%         6-21      100%        5
 Irradiate                Conj/Tmut      0%         3d11      100%        5
 Silence                  Hex/Air        0%         N/A       100%        5
 Summon Forest            Summ/Tloc      0%         N/A       100%        5
 Summon Mana Viper        Hex/Summ       0%         N/A       100%        5
 Yara's Violent Unravell  Hex/Tmut       0%         3d3       100%        5
 Death Channel            Necr           0%         N/A       100%        6
 Eringya's Noxious Bog    Tmut/Pois      0%         4d6       100%        6
 Plasma Beam              Fire/Air       0%         2x1d10    100%        6
 Summon Cactus Giant      Summ           0%         N/A       100%        6
 Enfeeble                 Hex            0%         N/A       100%        7
 Lehudib's Crystal Spear  Conj/Erth      0%         10d2      100%        8
 Blink                    Tloc           Unusable   N/A       N/A         2
 Vhi's Electric Charge    Tloc/Air       Unusable   N/A       N/A         4

Dungeon Overview and Level Annotations

Branches:
Dungeon (15/15)            Temple (1/1) D:7            Lair (5/5) D:10
 Shoals (4/4) Lair:3        Snake (4/4) Lair:2        Slime (0/5) Lair:5
    Orc (2/2) D:12            Elf (0/3) Orc:2        Vaults (0/5) D:14
 Depths (0/4) D:15

Altars:
Ashenzari
Cheibriados
Dithmenos
Elyvilon
Fedhas
Gozag
Hepliaklqana
Kikubaaqudgha
Makhleb
Nemelex Xobeh
Okawaru
Qazlal
Ru
Sif Muna
Trog
Uskayaw
Vehumet
Wu Jian
Xom
Yredelemnul
Zin
The Shining One
Lugonu

Shops:
D:3 **!(   D:4 :   D:10 (   D:14 [?[=!   Orc:2 **:(   Shoals:2 *   Shoals:3 ([(
Snake:3 ([

Portals:
Abyss: Shoals:1
Pandemonium: Orc:2
Trove: D:10 (give +4 storm dragon scales)

Annotations:
D:13 exclusion: downstairs
D:14 3 runed translucent doors, Giwuof's ghost, journeyman DjGl
Temple 2 transporters
Shoals:1 1 runed translucent door, exclusion: downstairs
Shoals:3 exclusion: downstairs
Snake:4 3 runed translucent doors


Innate Abilities, Weirdness & Mutations

You cannot be hasted, slowed, berserked, paralysed or teleported.
You can dig through walls and to a lower floor.
You have a pair of large antennae on your head. (SInv)
Your four strong arms can wield two-handed weapons with a shield.


Message History

Fire: a) +2 triple crossbow (heavy)
Press: ? - help, Q - select action, (/) - cycle Shift-Dir - straight line, f - merfolk impaler
Aim: a merfolk impaler, wielding a +0 demon trident of electrocution and wearing a +0 robe (56% to hit)
You shoot a bolt. The bolt misses the merfolk impaler.
The satyr shouts!
The merfolk javelineer is no longer sharing its pain.
The merfolk javelineer throws a silver javelin.
The silver javelin pierces through you!
The satyr unwields a +0 club.
The satyr wields a +0 longbow.
The satyr shoots an arrow.
The arrow hits you.
Something hits the plant!
The plant begins to die.
The merfolk javelineer throws a silver javelin.
The silver javelin pierces through you!
The satyr shoots an arrow.
The arrow hits you!
The merfolk impaler hits you from afar with a +0 demon trident of electrocution.
You are electrocuted!!
Unknown command.
Fire: a) +2 triple crossbow (heavy)
Press: ? - help, Q - select action, (/) - cycle Shift-Dir - straight line, f/p - merfolk impaler
Aim: a merfolk impaler, wielding a +0 demon trident of electrocution and wearing a +0 robe (56% to hit)
You shoot a bolt. The bolt misses the merfolk impaler.
The merfolk javelineer throws a silver javelin.
The silver javelin pierces through you!
The satyr shoots an arrow.
You block the arrow with your +2 kite shield of reflection... and reflect it back!
The arrow hits the satyr!!
You block the merfolk impaler's attack.
The merfolk impaler hits you from afar with a +0 demon trident of electrocution.
The merfolk javelineer throws a silver javelin.
The silver javelin pierces through you but does no damage.
The satyr shoots an arrow.
You block the arrow with your +2 kite shield of reflection... and reflect it back!
The arrow hits the satyr!!
The merfolk impaler hits you from afar with a +0 demon trident of electrocution!
* * * LOW HITPOINT WARNING * * *
Unknown command.
The merfolk javelineer throws a silver javelin.
The silver javelin pierces through you but does no damage.
* * * LOW HITPOINT WARNING * * *
The merfolk impaler hits you from afar with a +0 demon trident of electrocution!
* * * LOW HITPOINT WARNING * * *
You are electrocuted!!
You die...

~~
..)m)P#~~~~~~~~
P)#c~≈≈~~~~~~~~
....~~~~~~~~~~~
~..~~~~~~~~~~~~
~~~~~..~~~~~~~~
~~~~.m.~~~~~~~~
~~~~...~~~~~~~?
#@~~~~~~~
~~~~....~~~~~~.
~~~~~~~~~~~...P
~~~~~~~~~~~...#
≈~~~~~~~~~~<..#
≈≈≈≈~~~~~~~....
≈≈≈≈≈~~~~~~..).
≈≈≈≈≈≈~~~~~~...


You could see a merfolk impaler, a merfolk javelineer and a satyr.

Vanquished Creatures
  Vashnia (Snake:4)
  Mlioglotl (Shoals:2)
  Polyphemus (Shoals:3)
  Aizul (Shoals:1)
  Donald (Shoals:3)
  7 nagarajas
  Ilsuiw (Shoals:2)
  A frost giant (D:15)
  Louise (Snake:3)
  Nessos (D:14)
  Snorg (Lair:4)
  3 merfolk javelineers
  5 merfolk impalers
  A yaktaur captain (D:14)
  Erolcha (D:11)
  2 catoblepae
  3 hydras
  6 salamander tyrants
  2 alligator snapping turtles
  9 anacondas
  2 merfolk avatars
  6 boulder beetles
  A demonspawn (Orc:2)
  6 merfolk aquamancers
  2 satyrs
  8 death yaks
  A centaur warrior (D:9)
  2 tengu warriors (D:15)
  Urug (Lair:3)
  18 naga warriors
  5 two-headed ogres
  4 shock serpents
  The ghost of Sirjeffry24 the Stormcaller, a journeyman TeAE of Sif Muna (D:10)
  8 orc high priests (Orc:2)
  11 naga sharpshooters
  Sonja (Lair:5)
  9 skysharks
  A fire crab (shapeshifter) (D:14)
  10 salamander mystics
  8 sea snakes
  6 naga ritualists
  An arcanist (D:15)
  10 harpies (Shoals:3)
  A deep elf pyromancer (D:15)
  22 ugly things
  8 orc knights
  8 mana vipers
  A salamander (shapeshifter) (D:15)
  2 oklob plants (Lair:5)
  5 orc sorcerers (Orc:2)
  2 cyclopes (D:12)
  11 manticores
  A wolf spider (Lair:5)
  19 salamanders
  5 fauns
  8 elephants (Lair:4)
  13 merfolk sirens
  17 naga magi
  Maurice (D:13)
  38 black mambas
  An orange demon (Orc:2)
  6 guardian serpents
  2 water nymphs
  2 apocalypse crabs (Shoals:1)
  A torpor snail (Lair:3)
  2 gargoyles (D:12)
  A kobold demonologist (D:10)
  16 cane toads
  2 yaktaurs (D:14)
  An unseen horror (D:10)
  11 komodo dragons
  An ice devil (Orc:2)
  11 polar bears
  14 trolls
  A hellwing (Orc:2)
  3 hornets (Lair:5)
  Prince Ribbit (D:8)
  3 wind drakes
  14 merfolk
  6 snapping turtles
  8 dream sheep (Lair:5)
  5 blink frogs (Lair:5)
  5 raiju (Lair:5)
  18 slime creatures
  2 shadows
  A vampire (D:12)
  14 water elementals
  54 yaks
  3 wraiths
  20 wyverns
  A redback (Lair:5)
  9 basilisks
  4 steam dragons
  5 vampire mosquitoes
  7 wargs
  2 acid dragons
  57 nagas
  12 hell hounds (Lair:5)
  22 water moccasins
  12 black bears
  A sky beast (D:8)
  36 orc warriors
  An ice beast (D:6)
  5 ogres
  18 wolves
  4 centaurs
  3 kobold brigands
  14 bullfrogs
  5 scorpions
  A gnoll sergeant (D:9)
  13 wights
  A killer bee (D:7)
  2 electric eels
  5 howler monkeys
  A jelly (D:8)
  3 lava snakes (Lair:2)
  2 gnoll boudas
  29 orc priests
  Crazy Yiuf (D:3)
  3 hounds
  Jessica (D:3)
  An iguana (D:5)
  29 orc wizards
  A sleepcap (D:4)
  8 adders
  21 gnolls
  A shadow imp (D:5)
  2 worms
  3 dart slugs
  104 orcs
  8 bats
  9 endoplasms
  3 giant cockroaches
  10 goblins
  6 hobgoblins
  A quokka (D:4)
  A training dummy (Snake:3)
  6 ball pythons
  5 frilled lizards
  13 kobolds
  6 rats
1080 creatures vanquished.

Vanquished Creatures (others)
  A merfolk avatar (Shoals:2)
  A manticore (D:15)
  A naga (Snake:3)
  2 wolves (Lair:5)
  An orc wizard (Orc:2)
6 creatures vanquished.

Grand Total: 1086 creatures vanquished

Notes
Turn   | Place    | Note
-------+----------+-------------------------------------------
     0 | D:1      | hito the Formicid Hunter began the quest for the Orb.
     0 | D:1      | Reached XP level 1. HP: 16/16 MP: 1/1
    99 | D:1      | Reached XP level 2. HP: 22/22 MP: 2/2
   298 | D:1      | Reached XP level 3. HP: 26/26 MP: 3/3
   465 | D:1      | Reached skill level 5 in Ranged Weapons
   991 | D:2      | Reached XP level 4. HP: 33/33 MP: 4/4
  1223 | D:2      | Found a shimmering altar of Xom.
  1486 | D:3      | Found Jinehaen's Distillery.
  1492 | D:3      | Bought a potion of heal wounds for 55 gold pieces
  1492 | D:3      | Bought a potion of curing for 33 gold pieces
  1507 | D:3      | Bought a potion of curing for 33 gold pieces
  1507 | D:3      | Bought a potion of might for 44 gold pieces
  1663 | D:3      | Found Apoaxkek's Assorted Antiques.
  1823 | D:3      | Noticed Jessica
  1831 | D:3      | Killed Jessica
  1832 | D:3      | Reached skill level 6 in Ranged Weapons
  1832 | D:3      | Reached XP level 5. HP: 33/38 MP: 5/5
  1920 | D:3      | Found Pawuqich's Weapon Shoppe.
  2267 | D:3      | Found Rym Gulo's Assorted Antiques.
  2277 | D:3      | Bought a glowing grey potion for 29 gold pieces
  2484 | D:3      | Found a runed translucent door.
  2485 | D:3      | Noticed Crazy Yiuf
  2497 | D:3      | Killed Crazy Yiuf
  2922 | D:4      | Reached XP level 6. HP: 31/44 MP: 6/6
  2976 | D:4      | Noticed an ogre
  2986 | D:4      | Killed an ogre
  2987 | D:4      | Reached skill level 7 in Ranged Weapons
  3150 | D:4      | Found Gudub's Self-Published Books.
  3310 | D:4      | Found a sacrificial altar of Ru.
  3528 | D:4      | Identified the +2 robe of Bad Feelings {Str+5 Archmagi}
  3750 | D:5      | Entered Level 5 of the Dungeon
  3750 | D:5      | Noticed an ogre
  3765 | D:5      | Killed an ogre
  3766 | D:5      | Reached XP level 7. HP: 53/53 MP: 7/7
  3953 | D:5      | Reached skill level 1 in Armour
  4241 | D:5      | Reached skill level 1 in Evocations
  4310 | D:5      | Noticed a water moccasin
  4319 | D:5      | Killed a water moccasin
  4336 | D:5      | Found a white marble altar of Elyvilon.
  4618 | D:5      | Reached skill level 8 in Ranged Weapons
  4618 | D:5      | Reached XP level 8. HP: 60/60 MP: 8/8
  5240 | D:3      | Bought a scroll labelled VYIR LULAOMA for 30 gold pieces
  5240 | D:3      | Bought a scroll labelled GEGEELYENA for 30 gold pieces
  5274 | D:3      | Bought a scroll labelled QOMYIBBOIDD for 33 gold pieces
  5274 | D:3      | Bought a scroll labelled VYIR LULAOMA for 33 gold pieces
  5538 | D:6      | Reached skill level 9 in Ranged Weapons
  5817 | D:6      | Reached XP level 9. HP: 65/65 MP: 9/9
  5878 | D:6      | Found a hazy altar of Hepliaklqana.
  5965 | D:6      | Reached skill level 10 in Ranged Weapons
  6152 | D:6      | HP: 2/65 [orc warrior/+0 mace (11)]
  6169 | D:6      | HP: 2/65 [orc/+0 hand axe (6)]
  6398 | D:6      | Found the +7 staff of the Meek {protect, meekguard}
  6438 | D:6      | Found a shimmering blue altar of Sif Muna.
  6633 | D:7      | Identified the +8 scale mail "Cigu" {Harm +Inv rPois SInv}
  6937 | D:7      | Found a staircase to the Ecumenical Temple.
  6944 | Temple   | Found a transporter.
  6944 | Temple   | Found a transporter.
  6944 | Temple   | Found a transporter.
  6944 | Temple   | Found a transporter.
  6944 | Temple   | Entered the Ecumenical Temple
  6959 | Temple   | Became a worshipper of Uskayaw the Reveller
  6994 | D:7      | Reached * piety under Uskayaw
  6995 | D:7      | Reached ** piety under Uskayaw
  6998 | D:7      | Reached skill level 1 in Invocations
  7733 | D:8      | Found a shimmering altar of Xom.
  8127 | D:8      | Reached *** piety under Uskayaw
  8197 | D:8      | Reached skill level 5 in Armour
  8217 | D:8      | Reached skill level 5 in Evocations
  8217 | D:8      | Reached XP level 10. HP: 67/71 MP: 13/13
  8556 | D:8      | Reached skill level 5 in Invocations
  8562 | D:8      | Reached **** piety under Uskayaw
  8691 | D:8      | Noticed Prince Ribbit
  8699 | D:8      | Killed Prince Ribbit
  8758 | D:9      | Found the amulet of Elemental Vulnerability {rPois rF--
                  | rC-- AC+8}
  8873 | D:9      | Noticed a two-headed ogre
  8880 | D:9      | Reached ***** piety under Uskayaw
  8885 | D:9      | Reached ****** piety under Uskayaw
  8887 | D:9      | Killed a two-headed ogre
  8888 | D:9      | Reached skill level 5 in Fighting
  9487 | D:9      | Reached skill level 1 in Shields
  9568 | D:9      | Noticed a centaur warrior
  9585 | D:9      | Reached XP level 11. HP: 51/81 MP: 12/16
  9956 | D:10     | Entered Level 10 of the Dungeon
 10105 | D:10     | Found a staircase to the Lair.
 10199 | D:10     | Noticed a manticore
 10303 | D:10     | Reached skill level 5 in Shields
 10313 | D:10     | Found a runed translucent door.
 10313 | D:10     | Noticed an eight-headed hydra
 10316 | D:10     | Noticed a two-headed ogre
 10318 | D:10     | Noticed a two-headed ogre
 10552 | D:10     | Killed a manticore
 10803 | D:10     | Reached skill level 11 in Ranged Weapons
 10944 | D:10     | Found Roimmeuh's Antique Weapon Emporium.
 11245 | D:10     | Found a runed translucent door.
 11245 | D:10     | Noticed Sirjeffry24's ghost (journeyman TeAE)
 11325 | D:10     | Reached XP level 12. HP: 62/92 MP: 18/18
 11351 | D:10     | Killed Sirjeffry24's ghost
 11463 | D:10     | Bought a translucent orcbow for 204 gold pieces
 11463 | D:10     | Identified the +10 orcbow of the Bequeathed God {drain,
                  | rElec rF+ Will- Int+3} (You bought it in a shop on level 10
                  | of the Dungeon)
 11584 | D:10     | Found a portal to a secret trove of treasure.
 11825 | Lair:1   | Entered Level 1 of the Lair of Beasts
 11964 | Lair:1   | Reached skill level 10 in Invocations
 12040 | Lair:1   | Reached skill level 10 in Armour
 12044 | Lair:1   | Reached skill level 12 in Ranged Weapons
 12863 | Lair:2   | Reached skill level 13 in Ranged Weapons
 12966 | Lair:2   | Noticed a five-headed hydra
 12970 | Lair:2   | Killed a five-headed hydra
 12975 | Lair:2   | Found a staircase to the Snake Pit.
 13619 | Lair:3   | Reached XP level 13. HP: 98/98 MP: 20/20
 13626 | Lair:3   | Reached skill level 14 in Ranged Weapons
 13672 | Lair:3   | Found a staircase to the Shoals.
 13824 | Lair:3   | Noticed Urug
 13832 | Lair:3   | Killed Urug
 13833 | Lair:3   | Reached skill level 15 in Ranged Weapons
 14690 | Lair:4   | Noticed Snorg
 14695 | Lair:4   | Killed Snorg
 14696 | Lair:4   | Reached skill level 16 in Ranged Weapons
 15694 | D:11     | Noticed Erolcha
 15707 | D:11     | Killed Erolcha
 15708 | D:11     | Reached XP level 14. HP: 106/106 MP: 21/21
 16288 | D:12     | Identified the +6 short sword of Cydumiz {heavy, +Blink
                  | Int+4 Dex-4}
 16470 | D:12     | Found a staircase to the Orcish Mines.
 17532 | Orc:1    | Entered Level 1 of the Orcish Mines
 17612 | Orc:2    | Entered Level 2 of the Orcish Mines
 17975 | Orc:2    | Found a staircase to the Elven Halls.
 18195 | Orc:1    | Found a shimmering blue altar of Sif Muna.
 18320 | Orc:1    | Reached skill level 10 in Fighting
 18620 | Orc:2    | Found Etepowum's General Store.
 18693 | Orc:2    | Found Caxa's General Store.
 19003 | Orc:2    | Reached XP level 15. HP: 115/115 MP: 24/24
 19025 | Orc:2    | Reached skill level 5 in Dodging
 19071 | Orc:2    | Found Oraot's Book Emporium.
 19071 | Orc:2    | Found Rurphas's Antique Weapon Shoppe.
 19072 | Orc:2    | Found a one-way gate leading to the halls of Pandemonium.
 19179 | Orc:2    | Bought a lightning rod (4/4) for 560 gold pieces
 19181 | Orc:2    | Bought a potion of curing for 51 gold pieces
 19817 | D:13     | Noticed Maurice
 19821 | D:13     | Killed Maurice
 20277 | D:14     | Found Oveuton's Distillery.
 20306 | D:14     | Bought a potion of heal wounds for 70 gold pieces
 20306 | D:14     | Bought 2 potions of heal wounds for 140 gold pieces
 20306 | D:14     | Bought a potion of curing for 42 gold pieces
 20306 | D:14     | Bought a potion of curing for 42 gold pieces
 20324 | D:14     | Noticed Nessos
 20337 | D:14     | Killed Nessos
 20605 | D:14     | Found Jeteyri's Armour Boutique.
 20608 | D:14     | Found Poistu's Jewellery Boutique.
 20608 | D:14     | Found Vutygy's Magic Scroll Boutique.
 20611 | D:14     | Found Tekub's Armour Boutique.
 20646 | D:14     | Found a runed translucent gate.
 20646 | D:14     | Found a runed translucent gate.
 20646 | D:14     | Found a runed translucent gate.
 20651 | D:14     | Noticed Giwuof's ghost (journeyman DjGl)
 20669 | D:14     | Reached skill level 17 in Ranged Weapons
 20735 | D:14     | Found a gate to the Vaults.
 21416 | D:9      | Reached skill level 18 in Ranged Weapons
 21879 | Lair:5   | Entered Level 5 of the Lair of Beasts
 22086 | Lair:5   | Reached XP level 16. HP: 124/124 MP: 25/25
 22518 | Lair:5   | Found a staircase to the Slime Pits.
 23036 | Lair:5   | Noticed Sonja
 23037 | Lair:5   | Killed Sonja
 23545 | D:14     | Bought a scroll of acquirement for 780 gold pieces
 23547 | D:14     | Acquired 1223 gold pieces
 23561 | D:14     | Bought a scroll of enchant armour for 112 gold pieces
 23866 | Snake:1  | Entered Level 1 of the Snake Pit
 24124 | Snake:1  | Reached skill level 10 in Evocations
 24938 | Snake:2  | Reached XP level 17. HP: 124/135 MP: 27/27
 25536 | Snake:2  | Reached skill level 15 in Invocations
 26038 | Snake:3  | Found Tunu Tua's Antique Armour Shop.
 26047 | Snake:3  | Bought an embroidered cloak for 270 gold pieces
 26161 | Snake:3  | Reached skill level 10 in Shields
 26309 | Snake:3  | Noticed Louise
 26316 | Snake:3  | Killed Louise
 26507 | Snake:3  | Found Hulikka's Firing Range.
 27461 | Shoals:1 | Entered Level 1 of the Shoals
 27753 | Shoals:1 | Identified the serpent talisman "Kotsyiv" {Int+4}
 27753 | Shoals:1 | Noticed Aizul
 27762 | Shoals:1 | Killed Aizul
 27763 | Shoals:1 | Reached XP level 18. HP: 85/143 MP: 19/29
 27947 | Shoals:1 | Found a runed translucent door.
 28036 | Shoals:1 | Found a runed translucent door.
 28078 | Shoals:1 | Acquired the ring of Liberty {Wiz rF+ rC++ Str+3}
 28582 | Shoals:1 | Found a corrupted altar of Lugonu.
 28584 | Shoals:1 | Found a one-way gate to the infinite horrors of the Abyss.
 28740 | Shoals:2 | Noticed Mlioglotl
 28961 | Shoals:2 | Noticed Ilsuiw
 28964 | Shoals:2 | Killed Ilsuiw
 28988 | Shoals:2 | HP: 3/133 [merfolk javelineer/javelin[Ilsuiw] (10)]
 28990 | Shoals:2 | Reached skill level 19 in Ranged Weapons
 28990 | Shoals:2 | Killed Mlioglotl
 29287 | Shoals:2 | Acquired 677 gold pieces
 29320 | Shoals:2 | Found Casez's General Store.
 29333 | Shoals:2 | Bought a box of beasts for 600 gold pieces
 29885 | Shoals:3 | Noticed Polyphemus
 29892 | Shoals:3 | Killed Polyphemus
 30083 | Shoals:3 | Found Ahan's Armour Boutique.
 30195 | Shoals:3 | Noticed Donald
 30210 | Shoals:3 | Killed Donald
 30670 | Shoals:3 | Found Racesesu's Antique Weapon Shoppe.
 31003 | Shoals:3 | Found Hurhoil's Antique Weapon Boutique.
 31276 | Snake:3  | Bought a +2 heavy triple crossbow for 390 gold pieces
 31559 | D:15     | Entered Level 15 of the Dungeon
 31618 | D:15     | Reached XP level 19. HP: 149/149 MP: 30/30
 32115 | D:15     | Reached skill level 15 in Shields
 32236 | D:15     | Found a staircase to the Depths.
 32629 | Snake:4  | Entered Level 4 of the Snake Pit
 32895 | Snake:4  | Identified the +6 great sword of Plague {drain, Dex+5}
 33031 | Snake:4  | Found a runed translucent gate.
 33031 | Snake:4  | Found a runed translucent gate.
 33032 | Snake:4  | Found a runed translucent gate.
 33734 | Snake:4  | Reached skill level 20 in Ranged Weapons
 33743 | Snake:4  | Noticed Vashnia
 33755 | Snake:4  | Killed Vashnia
 33928 | Snake:4  | Reached skill level 15 in Armour
 34038 | Snake:4  | Got a serpentine rune of Zot
 34478 | Shoals:4 | Entered Level 4 of the Shoals
 34508 | Shoals:4 | Mangled by a merfolk impaler

Illustrated notes

Levels and vault maps discovered:
D:1:      dpeg_arrival_line_fractal, layout_loops_cross,
          corexii_item_surrounded_by_moat
D:2:      layout_basic, basic_altar
D:3:      kennysheep_the_goblin_king, layout_basic, serial_shops, shop_coins,
          shop, nicolae_shop_tiny_glass, shop, uniq_jessica,
          uniq_crazy_yiuf_cottage
D:4:      cheibrodos_quashed, layout_loops_cross,
          nicolae_ru_sacrificial_ziggurat, chequers_serial_rivers_micro_b,
          grunt_ministairs_3, minivault_11, nicolae_custom_books
D:5:      layout_loops_corners, elyvilon_altar_5
D:6:      layout_basic, mainiacjoe_overflow_alcove_1, kennysheep_mini,
          grunt_decor_clamped, pf_guarded_unrand_meek
D:7:      layout_basic, temple_fountains
D:8:      layout_basic, xom_butterflies, minmay_misc_feat_ornament,
          kennysheep_opposing_triangles, uniq_prince_ribbit1
D:9:      layout_roguey, minmay_holes, nicolae_sextant, lightli_corner_chamber
D:10:     layout_roguey, grunt_lair_entry_orc_guard_hut, trove_entry_hex_spiral,
          gammafunk_ghost_grave, minmay_st_funbox, nicolae_stop_n_shop_2,
          grunt_ministairs_5
D:11:     layout_loops_cross, uniq_erolcha
D:12:     layout_layer_cave, hiddenorc1_lemuel, abandoned_shop
D:13:     layout_stronghold, uniq_maurice
D:14:     layout_roguey, david_vaults_2, serial_shops,
          nicolae_inconvenience_store, minmay_misc_feat_doors,
          gammafunk_ghost_necromancy, minmay_shop_grid_forest, uniq_nessos
D:15:     grunt_enter_depths_snipers, layout_irregular_city,
          hangedman_decor_growths
Temple:   hellmonk_temple_divided_pantheon
Lair:1:   layout_cave_pods, st_stairs_7
Lair:2:   layout_hall_layers, nicolae_snake_entry_warm_welcome
Lair:3:   layout_long_grid, shoals_dummy_entry, grunt_megastairs_4, uniq_urug
Lair:4:   layout_regular_city, beast_lair_carwin_6, uniq_snorg
Lair:5:   hangedman_lair_tendril_chambers, layout_gridlike,
          hangedman_lair_caniforms_friends, minmay_slime_entry_oklob_enclosed,
          uniq_sonja
Shoals:1: nicolae_shoals_offshore_bank_account, layout_shoals,
          nicolae_shoals_abyss_on_the_beach, uniq_aizul
Shoals:2: cheibrodos_shoals_baths, layout_shoals, serial_shops, shop,
          uniq_mlioglotl, uniq_ilsuiw
Shoals:3: layout_shoals, serial_shops, nicolae_shop_gibbet_a_chance,
          nicolae_shop_real_fake_doors, nicolae_shop_tiny_statue_garden,
          nicolae_shoals_water_booths, uniq_donald, uniq_polyphemus
Shoals:4: shoals_end_grunt_garden, layout_shoals,
          portal_ice_cave_entry_pillars_four
Snake:1:  layout_gridlike, nicolae_snake_gridmaze_spiral, serial_bayou_shore_a
Snake:2:  layout_cave_town
Snake:3:  nicolae_snake_hallway, layout_chambers, serial_shops, shop,
          nicolae_shop_firing_range, uniq_louise
Snake:4:  johnstein_snake_rune_scales, layout_chambers,
          nicolae_snake_horde_hoard
Orc:1:    layout_caves, kennysheep_orc_sif_temple
Orc:2:    pf_orc_diabolical, layout_caves

Skill      XL: |  1  2  3  4  5  6  7  8  9 10 11 12 13 14 15 16 17 18 19 |
---------------+----------------------------------------------------------+-----
Ranged Weapons | 5 6 7 8 9 10 11 13 16 18 19 20 | 20.5
Fighting       | 3 4 6 8 10 12 13 | 13.2
Armour         | 2 3 5 7 9 10 12 13 15 | 15.0
Evocations     | 2 3 5 6 7 8 10 11 | 11.0
Invocations    | 4 7 9 10 12 14 15 | 15.0
Shields        | 1 5 12 14 16 | 16.0
Dodging        | 4 5 6 7 |  7.0
Stealth        | |  1.2

Action                     |  1- 3 |  4- 6 |  7- 9 | 10-12 | 13-15 | 16-18 | 19-21 || total
---------------------------+-------+-------+-------+-------+-------+-------+-------++-------
  Melee: Unarmed           |       |     1 |       |       |       |       |       ||     1
         Short sword       |       |    11 |    61 |       |       |       |       ||    72
         Orcbow            |       |       |       |     2 |     4 |       |       ||     6
         Flail             |       |       |       |       |     1 |    17 |       ||    18
   Fire: Shortbow          |    78 |   162 |    76 |       |       |       |       ||   316
         Orcbow            |       |       |   211 |   515 |   507 |       |       ||  1233
         Arbalest          |       |       |       |       |   269 |   929 |       ||  1198
         Triple crossbow   |       |       |       |       |       |     7 |   187 ||   194
 Invoke: Stomp             |       |       |     3 |    16 |    15 |    23 |    17 ||    74
         Line Pass         |       |       |       |     1 |       |       |       ||     1
         Grand Finale      |       |       |       |     1 |     1 |     3 |       ||     5
Ability: Dig               |       |     1 |       |       |     3 |     1 |     1 ||     6
         Evoke Invisibilit |       |       |       |       |       |     3 |       ||     3
  Evoke: Wand              |       |       |     4 |     1 |     4 |     1 |       ||    10
         Phantom mirror    |       |       |       |       |     1 |       |       ||     1
         Lightning rod     |       |       |       |       |       |     4 |       ||     4
         Tin of tremorston |       |       |       |       |       |     2 |       ||     2
    Use: Scroll            |       |       |     7 |     3 |    14 |     9 |       ||    33
         Potion            |       |       |     1 |       |     1 |     1 |       ||     3
   Stab: Paralysed         |       |       |       |       |       |     5 |       ||     5
 Armour: Leather armour    |    18 |    46 |    83 |       |       |       |       ||   147
         Scale mail        |       |       |    54 |   222 |   167 |   316 |    96 ||   855
  Dodge: Dodged            |    10 |    34 |   105 |   172 |   156 |   324 |    83 ||   884
  Block: Buckler           |       |       |       |    59 |    83 |    88 |       ||   230
         Kite shield       |       |       |       |       |       |   133 |   126 ||   259
         Reflection        |       |       |       |       |       |    16 |    32 ||    48

Table legend: (Time is in decaauts)
 A = Elapsed time spent in this place.
 B = Non-inter-level travel time spent in this place.
 C = Inter-level travel time spent in this place.
 D = Time resting spent in this place.
 E = Time spent auto-exploring this place.
 F = Levels seen in this place.
 G = Mean time per level.
                   A        B        C        D        E       F      G
               +--------+--------+--------+--------+--------+-----+--------+
         Total |  35108 |  31391 |   3717 |   4715 |  19335 |  31 | 1132.5 |
       Dungeon |  18557 |  16114 |   2443 |   2693 |  10182 |  15 | 1237.1 |
        Temple |     31 |     31 |      0 |      0 |      0 |   1 |   31.0 |
          Lair |   5231 |   4621 |    610 |    241 |   3239 |   5 | 1046.2 |
        Shoals |   3863 |   3709 |    154 |    999 |   1801 |   4 |  965.8 |
     Snake Pit |   5730 |   5336 |    394 |    561 |   3317 |   4 | 1432.5 |
  Orcish Mines |   1693 |   1578 |    115 |    221 |    795 |   2 |  846.5 |
               +--------+--------+--------+--------+--------+-----+--------+

Top non-repeatable levels by time:
    D:10: 2409 daAuts
 Snake:4: 1819 daAuts
    D:12: 1713 daAuts
 Snake:3: 1643 daAuts
Shoals:1: 1630 daAuts
     D:3: 1517 daAuts
  Lair:5: 1487 daAuts
     D:6: 1442 daAuts
     D:9: 1371 daAuts
     D:5: 1341 daAuts
    D:14: 1228 daAuts
     D:8: 1213 daAuts
Shoals:3: 1160 daAuts
    D:13: 1145 daAuts
 Snake:2: 1144 daAuts
